Map: Cosmic Sapphire

Players

AFK

  • Race: Terran Terran
  • League: Diamond
  • Spawn Location: 11:00

DankCraft - Winner!

  • Race: Terran Terran
  • Spawn Location: 5:00

VOD

Have the link to the VOD?

Description

Time

  • Played on: Nov. 24, 2022, 8:22 p.m.
  • Length: 9:38
Show
View Real Time Build Order
Export as new Build Order

AFK Terran 

Build Orders:  

Get SALT Encoding   

  12  0:00  SCV  
  13  0:12  SCV  
  14  0:18  Supply Depot  
  14  0:24  SCV  
  15  0:39  SCV  
  15  0:41  Barracks  
  16  0:46  Refinery  
  16  0:51  SCV  
  17  1:03  SCV  
  18  1:15  SCV  
  19  1:28  SCV  
  19  1:30  Marine  
  21  1:43  Command Center  
  21  1:47  Orbital Command  
  21  1:56  Factory  
  21  2:00  Marine  
  22  2:08  Supply Depot  
  22  2:12  SCV  
  23  2:18  Barracks Tech Lab  
  24  2:30  SCV  
  24  2:32  Refinery  
  24  2:42  SCV  
  25  2:45  Marine, Siege Tank  
  29  2:54  SCV  
  30  3:03  Supply Depot  
  30  3:06  Marine, SCV  
  30  3:09  Orbital Command  
  32  3:15  Starport  
  32  3:18  SCV  
  33  3:21  Hellion  
  33  3:27  Barracks Tech Lab  
  35  3:30  SCV  
  33  3:43  SCV x2, Siege Tank  
  31  4:07  Banshee  
  26  4:29  SCV x2  
  17  4:57  SCV x2  
  17  4:59  Marine  
  15  5:00  Banshee  
  15  5:09  SCV x2  
  14  5:21  SCV  
  14  5:27  SCV  
  15  5:32  Factory Tech Lab  
  15  5:33  SCV  
  16  5:39  SCV  
  17  5:45  SCV  
  18  5:51  SCV  
  19  5:58  SCV  
  19  6:03  SCV  
  21  6:10  SCV  
  22  6:15  SCV  
  23  6:29  SCV x2, Siege Tank  
  23  6:31  Marine  
  29  6:41  SCV  
  24  6:54  SCV  
  13  7:08  SCV x2  
  11  7:20  SCV x2  
  13  7:32  SCV  
  11  7:38  SCV  
  11  7:40  Marine  
  13  7:44  SCV  
  13  7:51  SCV  
  15  8:09  SCV x2  
  15  8:12  Command Center  
  17  8:31  SCV x2  
  19  8:39  Refinery  
  19  8:41  Refinery  
  19  8:43  SCV x2  
  19  8:47  Siege Tank  
Show
View Real Time Build Order
Export as new Build Order

DankCraft Terran - Winner!

Build Orders:  

Get SALT Encoding   

  12  0:01  SCV  
  13  0:18  Supply Depot  
  13  0:24  SCV, Refinery  
  14  0:36  SCV  
  15  0:46  Barracks  
  15  0:52  SCV  
  16  1:04  SCV  
  17  1:24  Barracks x2  
  17  1:30  SCV  
  18  1:35  Reaper  
  19  1:55  Supply Depot  
  19  1:59  Refinery  
  19  2:04  Orbital Command  
  19  2:13  Barracks Tech Lab  
  19  2:14  Barracks Tech Lab  
  19  2:30  SCV  
  19  2:34  Marauder  
  22  2:41  Marauder  
  22  2:42  SCV  
  25  2:49  Concussive Shells  
  24  3:01  Marauder  
  24  3:02  Marauder  
  24  3:05  Stimpack  
  28  3:09  Marine  
  29  3:23  Marauder  
  31  3:32  Supply Depot x2  
  31  3:44  Marauder  
  33  4:02  Marauder  
  35  4:37  Marine  
  35  4:38  Marine  
  37  4:55  Marine x2  
  29  5:13  Marine x2, Engineering Bay  
  29  5:17  Command Center  
  27  5:24  SCV  
  26  5:31  Marine x2  
  28  5:36  SCV  
  29  5:44  Missile Turret  
  29  5:47  Marine, Missile Turret  
  29  5:48  SCV  
  29  5:49  Marine x2  
  32  6:06  Marine  
  32  6:07  Marine  
  33  6:14  Marine  
  32  6:32  Marine  
  18  7:05  Marine x2  
  17  7:12  Orbital Command  
  10  7:22  Marine  
  10  7:23  Marine  
  9  7:40  Marine x2  
  11  7:52  SCV  
  11  7:58  Marine x2  
  11  8:04  SCV  
  14  8:07  Command Center  
  13  8:16  Marine x2  
  15  8:30  Marine  
  15  8:34  Marine x2  
  18  8:52  Marine x2  
  16  9:09  Marine  
  17  9:17  Marine  
Tags
 
League
Diamond
Matchup
TvT
Race
Terran
Spawn Locations
Cross Positions
Add a new tag
Caveats
  • Supply blocks, unpowered buildings, or Contaminate may cause inaccurate times.
  • Supply counts are checked every 10 seconds.